 Dungeon Crawl Stone Soup version 0.23.2-33-g5129a83184 (webtiles) character file.

Game seed: 4327837422504949509

1854 Destapler the Grave Robber (level 8, -30/78 HPs)
             Began as a Troll Necromancer on July 27, 2019.
             Was a Follower of Cheibriados.
             Annihilated by an orc knight
             ... wielding a +0 bardiche
              (36 damage)
             ... in a bailey.
             The game lasted 00:52:17 (5744 turns).

Destapler the Grave Robber (Troll Necromancer)      Turns: 5744, Time: 00:52:17

Health: -30/78     AC:  7    Str: 21    XL:     8   Next: 89%
Magic:  9/9        EV: 12    Int: 14    God:    Cheibriados [*.....]
Gold:   457        SH:  0    Dex: 14    Spells: 8/10 levels left

rFire    . . .     SeeInvis .     - Unarmed
rCold    . . .     Gourm    +   (no shield)
rNeg     . . .     Faith    .   y - +1 robe
rPois    .         Spirit   .   (helmet restricted)
rElec    .         Reflect  .   (no cloak)
rCorr    .         Harm     .   (gloves unavailable)
MR       .....                  (boots unavailable)
Stlth    ++........             (no amulet)
HPRegen  0.63/turn              u - +5 ring of slaying
MPRegen  0.11/turn              (no ring)

@: very slow
A: large, unfitting armour, claws 3, fast metabolism 3, gourmand, regeneration
1, shaggy fur 1, tough skin 3
a: Bend Time, Renounce Religion


You were in a bailey.
You worshipped Cheibriados.
Cheibriados was aware of your devotion.
You were not hungry.

You visited 2 branches of the dungeon, and saw 8 of its levels.
You also visited: Ossuary and Bailey.

You collected 457 gold pieces.

Inventory:

Hand Weapons
 a - a +2 dagger of venom
Missiles
 l - 6 poisoned javelins (quivered)
 n - 286 stones
Armour
 y - a +1 robe (worn)
Jewellery
 u - a +5 ring of slaying (left claw)
Wands
 t - a wand of paralysis (8)
 w - a wand of acid (7)
Scrolls
 b - 10 scrolls of remove curse
 f - 5 scrolls of identify
 q - 2 scrolls of teleportation
 s - a scroll of enchant weapon
 v - a scroll of magic mapping
 z - a scroll of amnesia
Potions
 d - 2 potions of heal wounds
 e - a potion of magic
 g - 2 potions of mutation {unknown}
 i - 3 potions of brilliance {unknown}
 j - 2 potions of might {unknown}
 k - 2 potions of flight {unknown}
 o - 2 potions of invisibility {unknown}
 p - 2 potions of curing
 A - 3 potions of lignification {unknown}
Comestibles
 c - 9 rations


   Skills:
 + Level 4.1 Fighting
 - Level 0.7 Armour
 + Level 4.5 Dodging
 - Level 1.0 Stealth
 + Level 5.0 Unarmed Combat
 - Level 1.6 Spellcasting
 + Level 5.5 Necromancy
 + Level 3.7 Invocations


You had 8 spell levels left.
You knew the following spells:

 Your Spells              Type           Power        Failure   Level  Hunger
a - Pain                  Necr           ###.         2%          1    ##.....
b - Animate Skeleton      Necr           N/A          2%          1    ##.....

Your spell library contained the following spells:

 Spells                   Type           Power        Failure   Level  Hunger
 Vampiric Draining        Necr           ###.......   8%          3    ####...
 Regeneration             Chrm/Necr      #.........   24%         3    ####...
 Animate Dead             Necr           N/A          26%         4    #####..


Dungeon Overview and Level Annotations

Branches:
Dungeon (7/15)             Temple (1/1) D:6

Altars:
Ashenzari
Cheibriados
Dithmenos
Elyvilon
Fedhas
Hepliaklqana
Kikubaaqudgha
Makhleb
Nemelex Xobeh
Okawaru
Ru
Sif Muna
Trog
Uskayaw
Vehumet
Wu Jian
Xom
Yredelemnul
The Shining One


Innate Abilities, Weirdness & Mutations

You are too large for most types of armour.
You have claws for hands.
Your metabolism is lightning-fast.
You like to eat raw meat.
Your natural rate of healing is unusually fast.
You are covered in fur. (AC +1)
You have extremely tough skin. (AC +3)


Message History

The orc warrior is heavily wounded.
The orc warrior closely misses you.
The orc warrior hits you from afar with a +0 halberd!
The orc warrior shoots a bolt.
The bolt hits you!!
* * * LOW HITPOINT WARNING * * *
The orc warrior closely misses you.
You feel much better.
The orc warrior hits you from afar with a +0 halberd!
* * * LOW HITPOINT WARNING * * *
The orc warrior shoots a bolt.
The bolt closely misses you.
The orc knight roars a battlecry!
The orc warriors go into a battle-frenzy!
The orc warrior hits you from afar with a +0 halberd.
* * * LOW HITPOINT WARNING * * *
The orc warrior hits you but does no damage.
The orc warrior shoots a bolt.
The bolt barely misses you. The orc warrior completely misses you.
The orc warrior hits you but does no damage.
The orc knight hits you from afar with a +0 bardiche!!!
You die...

### ###### ##∩##
#####
##.....##(..##.....
#..≈≈≈.@#...#..≈≈≈.
#.≈≈o≈≈..(....≈≈o≈≈
+.≈.oo≈.......≈oo.≈
#.≈≈o≈≈o.oo...≈≈o≈≈
#..≈≈≈..#§§§#..≈≈≈
##.....##.§§##....
###### ##∩## ####
###


You could see an orc knight, 5 orc warriors and an orc (inner flame).

Vanquished Creatures
  A hippogriff (D:7)
  A soldier ant (D:6)
  An orc warrior (D:6)
  A phantom (D:5)
  A centaur (D:5)
  5 elf zombies (Ossuary)
  A scorpion (D:3)
  A crimson imp (D:6)
  4 centaur zombies
  A hound (D:6)
  4 human zombies (Ossuary)
  A jelly (D:4)
  A bullfrog skeleton (D:6)
  2 centaur skeletons
  2 orc wizards
  Ijyb (D:3)
  5 worker ants
  An iguana (D:6)
  A hound skeleton (D:4)
  3 mummies (Ossuary)
  3 gnolls (D:2)
  4 adders
  3 shadow imps
  2 adder skeletons
  An adder zombie (D:6)
  2 dart slugs
  3 leopard geckos
  7 orcs
  6 bats
  4 giant cockroaches
  9 goblins
  9 hobgoblins
  6 jackals
  10 kobolds
  4 quokkas
  3 ball pythons
  4 frilled lizards
  A jackal skeleton (D:5)
  3 leopard gecko skeletons
  A quokka skeleton (D:4)
  8 rats
131 creatures vanquished.

Vanquished Creatures (collateral kills)
  A worm (D:2)
  A leopard gecko (D:2)
  A goblin (D:2)
  A hobgoblin (D:2)
  A jackal (D:2)
  A kobold (D:2)
  2 bats (D:2)
  3 rats
11 creatures vanquished.

Vanquished Creatures (others)
  A jackal (D:1)
1 creature vanquished.

Grand Total: 143 creatures vanquished

Notes
Turn   | Place    | Note
-------+----------+-------------------------------------------
     0 | D:1      | Destapler the Troll Necromancer began the quest for the
                  | Orb.
     0 | D:1      | Reached XP level 1. HP: 16/16 MP: 1/1
    28 | D:1      | Learned a level 1 spell: Animate Skeleton
    69 | D:1      | Reached XP level 2. HP: 19/26 MP: 0/2
   607 | D:1      | Reached XP level 3. HP: 32/32 MP: 3/3
   623 | D:1      | Reached skill level 1 in Unarmed Combat
   858 | D:2      | Reached skill level 1 in Fighting
   922 | D:2      | Reached XP level 4. HP: 38/41 MP: 1/5
   951 | D:2      | Found a sparkling altar of Nemelex Xobeh.
  1489 | D:3      | Noticed Ijyb
  1616 | D:3      | Killed Ijyb
  1658 | D:3      | Reached XP level 5. HP: 31/48 MP: 4/6
  2487 | D:4      | Found a snail-covered altar of Cheibriados.
  2513 | D:4      | Became a worshipper of Cheibriados the Contemplative
  2748 | D:4      | Reached XP level 6. HP: 57/57 MP: 7/7
  3145 | D:5      | Entered Level 5 of the Dungeon
  3200 | D:5      | Found a sand-covered staircase.
  3214 | Ossuary  | Entered an ossuary
  3324 | Ossuary  | Reached skill level 1 in Invocations
  3438 | Ossuary  | Reached XP level 7. HP: 63/66 MP: 8/8
  3736 | D:5      | Found a shimmering altar of Xom.
  3844 | D:5      | Reached * piety under Cheibriados
  3887 | D:5      | Reached XP level 8. HP: 51/75 MP: 9/9
  3985 | D:5      | Found a sacrificial altar of Ru.
  3996 | D:5      | Found a glowing golden altar of the Shining One.
  4231 | D:5      | Found an ornate altar of the Wu Jian Council.
  4376 | D:5      | Reached skill level 5 in Necromancy
  4957 | D:6      | Found a staircase to the Ecumenical Temple.
  4974 | Temple   | Entered the Ecumenical Temple
  5224 | D:6      | Found a shattered altar of Ashenzari.
  5646 | D:7      | Noticed a hippogriff
  5663 | D:7      | Killed a hippogriff
  5663 | D:7      | Reached skill level 5 in Unarmed Combat
  5673 | D:7      | Found a flagged portal.
  5728 | Bailey   | Entered a bailey
  5728 | Bailey   | Noticed an orc knight
  5744 | Bailey   | Annihilated by an orc knight

Skill      XL: |  1  2  3  4  5  6  7  8 |
---------------+-------------------------+-----
Unarmed Combat | 1 2 3 4 5 |  5.0
Dodging        | 2 3 4 |  4.5
Fighting       | 1 2 3 4 |  4.1
Necromancy     | 4 5 |  5.5
Invocations    | 1 2 3 |  3.7
Armour         | |  0.7
Stealth        | |  1.0
Spellcasting   | |  1.6

Action                   |  1- 3 |  4- 6 |  7- 9 || total
-------------------------+-------+-------+-------++-------
Melee: Unarmed           |   104 |   146 |   241 ||   491
       Punch             |       |     3 |     6 ||     9
       Dagger            |       |    62 |    28 ||    90
Throw: Javelin           |       |     1 |     4 ||     5
 Cast: Pain              |     5 |    18 |     1 ||    24
       Animate Skeleton  |    17 |    12 |     5 ||    34
Invok: Bend Time         |       |       |     1 ||     1
  Use: Potion            |       |     1 |     2 ||     3
       Scroll            |       |     4 |     9 ||    13
 Stab: Sleeping          |     2 |     3 |     1 ||     6
  Eat: Chunk             |    14 |    16 |    10 ||    40
       Ration            |       |     1 |     1 ||     2
Armor: Robe              |    36 |    68 |    69 ||   173
Dodge: Dodged            |    76 |   100 |   146 ||   322
